 Dungeon Crawl Stone Soup version 0.23.2 (webtiles) character file.

Game seed: 9637310941400793154

9391 Borgoz the Slicer (level 11, 0/67 HPs)
             Began as a Gargoyle Fighter on Apr 9, 2019.
             Was a Follower of Ashenzari.
             Slain by a manticore (1 damage)
             ... on level 10 of the Dungeon.
             The game lasted 00:21:56 (11296 turns).

Borgoz the Slicer (Gargoyle Fighter)               Turns: 11296, Time: 00:21:57

Health: 0/67       AC: 19    Str: 20    XL:     11   Next: 45%
Magic:  14/14      EV: 15    Int:  9    God:    Ashenzari [*.....]
Gold:   591        SH: 11    Dex: 12    Spells: 8/11 levels left

rFire    . . .     SeeInvis .   a - +1 rapier
rCold    + . .     Gourm    .   c - +0 shield
rNeg     + . .     Faith    .   x - +1 ring mail {rC+}
rPois    ∞         Spirit   .   I - +0 helmet
rElec    +         Reflect  .   j - +0 cloak
rCorr    +         Harm     .   (no gloves)
MR       .....                  q - +0 pair of boots
Stlth    +.........             (no amulet)
HPRegen  0.21/turn              K - ring of resist corrosion
MPRegen  0.14/turn              J - +2 ring of evasion

@: no status effects
A: negative energy resistance 1, electricity resistance, unbreathing,
petrification resistance, rot immunity, AC +8
a: Curse Item, Scrying, Renounce Religion


You were on level 10 of the Dungeon.
You worshipped Ashenzari.
Ashenzari was aware of your devotion.
You were not hungry.

You visited 3 branches of the dungeon, and saw 12 of its levels.

You collected 591 gold pieces.

Inventory:

Hand Weapons
 a - a +1 rapier (weapon)
 b - a +0 dagger of venom
 l - a +1 dagger of speed
 t - a +0 rapier
Missiles
 H - 2 tomahawks of returning (quivered)
Armour
 c - a +0 shield (worn)
 j - a +0 cloak (worn)
 q - a +0 pair of boots (worn)
 x - a +1 ring mail of cold resistance (worn)
 I - a +0 helmet (worn)
Jewellery
 e - an uncursed ring of protection from cold
 y - an uncursed ring of ice
 A - a +3 ring of intelligence
 J - a +2 ring of evasion (right hand)
 K - a ring of resist corrosion (left hand)
Wands
 d - a wand of digging (7)
 w - a wand of random effects (20)
 B - a wand of iceblast (2)
 D - a wand of flame (27)
Scrolls
 g - 2 scrolls of magic mapping {unknown}
 i - 4 scrolls of remove curse
 k - 4 scrolls of noise {unknown}
 m - 4 scrolls of enchant weapon
 n - 3 scrolls of immolation {unknown}
 v - 2 scrolls of teleportation
 z - a scroll of enchant armour
 F - 3 scrolls of amnesia
Potions
 h - a potion of curing
 p - a potion of resistance
 r - a potion of mutation
 s - 4 potions of cancellation
 u - 4 potions of brilliance
 C - a potion of haste
 E - 5 potions of flight
Comestibles
 f - 18 rations
 o - a chunk of flesh


   Skills:
 + Level 7.6 Fighting
 * Level 8.6 Short Blades
 + Level 7.7 Armour
 * Level 7.5 Dodging
 + Level 1.4 Stealth
 + Level 7.7 Shields
 + Level 0.8 Spellcasting
 + Level 4.3 Evocations


You had 8 spell levels left.
You knew the following spells:

 Your Spells              Type           Power        Failure   Level  Hunger
a - Confuse               Hex            #.......     99%         3    ####...

Your spell library contained the following spells:

 Spells                   Type           Power        Failure   Level  Hunger
 Corona                   Hex            #......      83%         1    ##.....
 Ensorcelled Hibernation  Hex/Ice        #.....       93%         2    ###....
 Poisonous Vapours        Pois/Air       #.....       93%         2    ###....
 Conjure Flame            Conj/Fire      #.......     99%         3    ####...
 Dazzling Spray           Conj/Hex       #.....       99%         3    ####...
 Mephitic Cloud           Conj/Pois/Air  #.......     99%         3    ####...
 Tukima's Dance           Hex            #.......     99%         3    ####...
 Freezing Cloud           Conj/Ice/Air   #.........   100%        6    #######
 Ring of Flames           Chrm/Fire      #.........   100%        7    #######


Dungeon Overview and Level Annotations

Branches:
Dungeon (10/15)            Temple (1/1) D:6            Lair (1/6) D:8
    Orc: D:9-12

Altars:
Ashenzari
Cheibriados
Dithmenos
Elyvilon
Fedhas
Gozag
Hepliaklqana
Kikubaaqudgha
Makhleb
Nemelex Xobeh
Okawaru
Qazlal
Ru
Sif Muna
Trog
Uskayaw
Vehumet
Wu Jian
Xom
Yredelemnul
Zin
The Shining One

Shops:
D:7 }

Annotations:
D:10 Sonja


Innate Abilities, Weirdness & Mutations

You are resistant to torment.
Your stone body is resilient. (AC +8)
You are immune to poison.
You resist negative energy. (rN+)
You are resistant to electric shocks. (rElec)
You can survive without breathing.
You are immune to petrification.
You are immune to rotting.


Message History

The manticore bites you!
* * * LOW HITPOINT WARNING * * *
The manticore claws you but does no damage. x2
Okay, then.
Evoke which item? (* to show all) (? for menu, Esc to quit)
Okay, then.
You barely miss the manticore.
The manticore is lightly wounded.
You hit the manticore.
The manticore is moderately wounded.
You carefully extract the barbed spikes from your body.
The manticore misses you. The manticore claws you.
* * * LOW HITPOINT WARNING * * *
The manticore misses you.
You hit the manticore.
The manticore is moderately wounded.
The manticore bites you!
* * * LOW HITPOINT WARNING * * *
The manticore claws you.
You die...

.<....>.# ##....
...........## ##.....
............# #......
............# ##.#....
............# #.......
............#####.#.....
............#....######.
...............#..# ##
...!..H@..#######.#
.......#### ### .....##
####


You could see a manticore.

Vanquished Creatures
  2 two-headed ogres
  An ugly thing (D:8)
  2 centaur zombies
  2 hippogriffs (D:7)
  A wyvern (D:8)
  10 yaks
  2 hungry ghosts
  A vampire mosquito (D:8)
  3 wargs (D:7)
  Duvessa (D:5)
  5 orc warriors
  2 sky beasts
  3 phantoms
  A necrophage (D:10)
  3 ogres
  3 centaurs
  A crocodile (D:6)
  A big kobold (D:7)
  2 bullfrogs
  Dowan (D:5)
  A water moccasin zombie (D:9)
  3 scorpions
  6 killer bees
  5 wights
  3 electric eels (D:8)
  A bullfrog zombie (D:6)
  7 crimson imps
  2 quasits (D:7)
  7 hounds
  8 orc wizards
  Crazy Yiuf (D:5)
  9 orc priests
  5 bullfrog skeletons
  2 centaur skeletons
  Jessica (D:2)
  3 iguanas
  8 worker ants
  A killer bee zombie (D:8)
  A hound skeleton (D:7)
  2 worker ant zombies
  7 gnolls (D:6)
  A howler monkey skeleton (D:6)
  8 adders
  2 shadow imps
  An ooze (D:7)
  2 adder zombies
  3 worms
  A dart slug (D:1)
  2 leopard geckos
  40 orcs
  11 giant cockroaches
  7 goblins
  7 hobgoblins
  22 jackals
  14 kobolds
  3 quokkas
  2 ball pythons
  10 bats
  3 frilled lizards
  8 rats
277 creatures vanquished.

Vanquished Creatures (others)
  An orc (D:8)
  A withered plant (D:9)
2 creatures vanquished.

Grand Total: 279 creatures vanquished

Notes
Turn   | Place    | Note
-------+----------+-------------------------------------------
     0 | D:1      | Borgoz the Gargoyle Fighter began the quest for the Orb.
     0 | D:1      | Reached XP level 1. HP: 14/14 MP: 1/1
    82 | D:1      | Reached skill level 2 in Short Blades
    82 | D:1      | Reached XP level 2. HP: 19/19 MP: 2/2
   653 | D:2      | Reached skill level 1 in Dodging
   657 | D:2      | Noticed a centaur
   658 | D:2      | Noticed Jessica
   670 | D:2      | Killed a centaur
   670 | D:2      | Reached XP level 3. HP: 6/24 MP: 3/3
   670 | D:2      | Reached XP level 4. HP: 8/29 MP: 4/4
   672 | D:2      | Killed Jessica
   672 | D:2      | Reached XP level 5. HP: 9/33 MP: 5/5
  1052 | D:2      | Reached skill level 3 in Short Blades
  1058 | D:2      | Found a blossoming altar of Fedhas.
  1717 | D:3      | Found a shadowy altar of Dithmenos.
  1883 | D:3      | Reached XP level 6. HP: 21/38 MP: 6/6
  2164 | D:3      | Reached XP level 7. HP: 23/44 MP: 7/7
  2605 | D:4      | Reached skill level 4 in Short Blades
  3114 | D:4      | Reached XP level 8. HP: 32/48 MP: 8/8
  3347 | D:4      | Reached skill level 5 in Fighting
  3347 | D:4      | Reached skill level 5 in Armour
  3561 | D:5      | Entered Level 5 of the Dungeon
  3672 | D:5      | Noticed Duvessa
  3672 | D:5      | Noticed Dowan
  3691 | D:5      | Killed Duvessa
  3691 | D:5      | Reached skill level 5 in Shields
  3693 | D:5      | Killed Dowan
  3693 | D:5      | Reached skill level 5 in Short Blades
  3909 | D:5      | Found a runed translucent door.
  3910 | D:5      | Noticed Crazy Yiuf
  4336 | D:5      | Killed Crazy Yiuf
  4418 | D:6      | Found a hazy altar of Hepliaklqana.
  4927 | D:6      | Found a staircase to the Ecumenical Temple.
  4972 | Temple   | Entered the Ecumenical Temple
  4979 | Temple   | Became a worshipper of Ashenzari the Shackled
  5161 | D:6      | Reached skill level 1 in Evocations
  5161 | D:6      | Reached XP level 9. HP: 54/54 MP: 9/9
  5694 | D:7      | Reached skill level 5 in Dodging
  5695 | D:7      | Paralysed by fainting for 7 turns
  5765 | D:7      | Reached skill level 6 in Short Blades
  6379 | D:7      | Found Plog's Gadget Emporium.
  7468 | D:8      | Reached * piety under Ashenzari
  7468 | D:8      | Found a sparkling altar of Nemelex Xobeh.
  7474 | D:8      | Noticed a two-headed ogre
  7502 | D:8      | Killed a two-headed ogre
  7502 | D:8      | Reached skill level 7 in Short Blades
  7502 | D:8      | Reached XP level 10. HP: 14/61 MP: 10/12
  7572 | D:8      | Noticed a brown ugly thing
  8492 | D:8      | Found a staircase to the Lair.
  8515 | Lair:1   | Entered Level 1 of the Lair of Beasts
  9171 | D:8      | Found a basalt altar of Yredelemnul.
  9226 | D:8      | Reached skill level 8 in Short Blades
  9227 | D:8      | Killed a brown ugly thing
  9227 | D:8      | Reached XP level 11. HP: 29/67 MP: 13/13
  9616 | D:9      | Found an ancient bone altar of Kikubaaqudgha.
  9849 | D:9      | Learned a level 3 spell: Confuse
 10296 | D:9      | Noticed a two-headed ogre
 10319 | D:9      | Killed a two-headed ogre
 10319 | D:9      | Reached skill level 1 in Stealth
 11006 | D:10     | Entered Level 10 of the Dungeon
 11073 | D:10     | Noticed Sonja
 11277 | D:10     | Noticed a manticore
 11296 | D:10     | HP: 1/67 [manticore (17)]
 11296 | D:10     | Slain by a manticore

Skill      XL: |  1  2  3  4  5  6  7  8  9 10 11 |
---------------+----------------------------------+-----
Short Blades   | 2 3 4 5 7 8 |  8.6
Dodging        | 1 2 3 4 6 7 |  7.5
Fighting       | 4 5 6 7 |  7.6
Armour         | 4 5 6 7 |  7.7
Shields        | 4 5 6 7 |  7.7
Evocations     | 1 2 3 4 |  4.3
Stealth        | 1 |  1.4
Spellcasting   | |  0.8

Action                   |  1- 3 |  4- 6 |  7- 9 | 10-12 || total
-------------------------+-------+-------+-------+-------++-------
Melee: Rapier            |    68 |   216 |   744 |   774 ||  1802
Evoke: Wand              |       |       |     5 |     6 ||    11
  Use: Potion            |     3 |     2 |     6 |     7 ||    18
       Scroll            |       |       |    10 |     5 ||    15
  Eat: Chunk             |       |     4 |    15 |    10 ||    29
       Ration            |       |       |     2 |     3 ||     5
Armor: Scale mail        |    44 |   129 |    50 |       ||   223
       Ring mail         |       |       |   191 |   244 ||   435
       Skin              |       |       |    20 |     7 ||    27
Dodge: Dodged            |    18 |   102 |   286 |   358 ||   764
Block: Shield            |    34 |   138 |   333 |   356 ||   861
